 Dungeon Crawl Stone Soup version 0.17-a0-1570-g74b7129 (webtiles) character file.

252 orochimarko the Ruffian (level 6, -10/50 (52) HPs)
             Began as a Ghoul Monk on July 23, 2015.
             Killed from afar by bohran's ghost (13 damage)
             ... with a rocky blast
             ... on level 4 of the Dungeon.
             The game lasted 00:33:42 (3051 turns).

orochimarko the Ruffian (Ghoul Monk)                Turns: 3051, Time: 00:33:42

HP:   -10/50 (52)   AC:  2    Str: 21    XL:     6   Next: 13%
MP:   5/5           EV: 13    Int:  5    God:
Gold: 152           SH:  0    Dex: 11    Spells: 0 memorised, 5 levels left

rFire  . . .     SeeInvis .       - Unarmed
rCold  + . .     Clarity  .     a - +0 robe
rNeg   + + +     SustAt   +     (no shield)
rPois  ∞         Gourm    .     (no helmet)
rElec  .         Spirit   .     (no cloak)
rCorr  .         Warding  .     (no gloves)
rMut   .         Stasis   .     (no boots)
MR     .....                    (no amulet)
Stlth  ++........               v - ring of sustain attributes
                                f - +4 ring of strength (curse)

@: rotting, not resistant to hostile enchantments, unstealthy
A: rotting body, claws 1, carnivore 3, cold resistance 1, negative energy
resistance 3, slow healing 1, torment resistance, unbreathing
a: no special abilities


You were on level 4 of the Dungeon.
You were not hungry.

You visited 1 branch of the dungeon, and saw 4 of its levels.

You collected 152 gold pieces.

Inventory:

Hand weapons
 e - a +0 hunting sling
 A - a +0 longbow
Missiles
 c - 135 stones (quivered)
 g - 6 javelins
 n - 43 arrows
 t - 14 poisoned arrows
Armour
 a - a +0 robe (worn)
 d - a +0 robe
 k - a +0 robe
 u - a +0 robe
 B - a +0 leather armour
 C - a +0 leather armour
 D - a +0 robe
Jewellery
 f - a cursed +4 ring of strength (left claw)
 v - a ring of sustain attributes (right claw)
Magical devices
 z - a wand of lightning (13)
Scrolls
 h - a scroll of random uselessness
 l - 3 scrolls of remove curse
 o - a scroll of enchant armour {unknown}
 p - a scroll of fog {unknown}
 q - a scroll of identify
 y - a scroll of magic mapping {unknown}
Potions
 i - a potion of haste
 m - a potion of curing {unknown}
 r - 2 potions of flight {unknown}
 s - a potion of agility {unknown}
Comestibles
 b - 2 meat rations
 j - a chunk of flesh
 w - 2 bread rations
 x - a slice of pizza


   Skills:
 + Level 4.1 Fighting
 + Level 0.1(0.5) Slings
 + Level 0.5 Bows
 + Level 0.8(0.9) Throwing
 + Level 3.9 Dodging
 + Level 3.3 Stealth
 + Level 5.8 Unarmed Combat


You had 5 spell levels left.
You didn't know any spells.

Dungeon Overview and Level Annotations

Branches:
Dungeon (4/15)
 Temple: D:4-7

Altars:

Annotations:
D:4 bohran's ghost, average DDEE


Innate Abilities, Weirdness & Mutations

Your body is rotting away.
You thrive on raw meat.
You are immune to poison.
You have sharp fingernails.
You are carnivorous and can eat meat at any time.
Your flesh is cold resistant.
You are immune to negative energy.
You heal slowly when monsters are visible.
You are immune to unholy pain and torment.
You can survive without breathing.


Message History

You closely miss bohran's ghost.
Bohran's ghost is moderately damaged.
Bohran's ghost hits you.
You scratch bohran's ghost but do no damage.
Bohran's ghost is moderately damaged.
Bohran's ghost hits you.
You claw bohran's ghost!
Bohran's ghost is heavily damaged.
Bohran's ghost hits you.
* * * LOW HITPOINT WARNING * * *
You barely miss bohran's ghost.
Bohran's ghost is heavily damaged.
Bohran's ghost gestures at you while chanting.
The rocky blast hits you!
* * * LOW HITPOINT WARNING * * *
You scratch bohran's ghost but do no damage.
Bohran's ghost is heavily damaged.
Bohran's ghost points at you and mumbles some strange words.
The rocky blast hits you!
You die...

#..#...###...###
#..).).......#. #.##...#
#..## #..............
#.##...# #..#
##.............
.###...###..#
##........###...
.###........#####........##
....................##..##
###.....##....#.....##..#
###....#..####..W..##.##
##......# #.@##...#..#
#......# #..###.....#
##....)###..# #..>..#
#..#.)##.<.###....##
#..#.....<.....#.##
#.............####
#....##...###.##
#...####..# #..# ....# ##.#
#.##


You could see bohran's ghost.

Vanquished Creatures
  A crimson imp (D:4)
  A hound (D:4)
  Natasha (twice) (D:3)
  3 gnolls (D:4)
  4 adders
  2 oozes
  3 worms (D:2)
  2 giant geckos
  4 orcs
  3 giant cockroaches (D:2)
  4 goblins
  7 hobgoblins
  12 kobolds
  3 quokkas
  10 bats
  2 giant newts (D:1)
  6 rats
69 creatures vanquished.

Notes
Turn   | Place    | Note
--------------------------------------------------------------
     0 | D:1      | orochimarko the Ghoul Monk began the quest for the Orb.
     0 | D:1      | Reached XP level 1. HP: 19/19 MP: 0/0
   174 | D:1      | Reached XP level 2. HP: 16/26 MP: 1/1
   663 | D:1      | Reached skill level 5 in Unarmed Combat
   827 | D:1      | Reached XP level 3. HP: 30/30 MP: 2/2
  1405 | D:2      | Reached XP level 4. HP: 11/37 MP: 3/3
  2091 | D:3      | Noticed Natasha
  2104 | D:3      | Killed Natasha
  2104 | D:3      | Reached XP level 5. HP: 17/46 MP: 4/4
  2200 | D:3      | Found a faded altar to an unknown god.
  2467 | D:3      | Noticed Natasha
  2472 | D:3      | Killed Natasha
  2865 | D:4      | Reached XP level 6. HP: 24/48 MP: 5/5
  3020 | D:4      | Noticed bohran's ghost (average DDEE)
  3051 | D:4      | Killed from afar by bohran's ghost

Vault maps used:
D:1:      minmay_arrival_shattered_statue, corexii_corridor_pit,
          hangedman_decor_points
D:3:      ecumenical_altar_1, uniq_natasha
D:4:      tso_oasis_becter, uniq_blork_the_orc, uniq_robin

Action                   |  1- 3 |  4- 6 || total
-------------------------+-------+-------++-------
Melee: Unarmed           |   134 |   122 ||   256
 Fire: Hunting sling     |       |     2 ||     2
       Longbow           |       |    16 ||    16
Throw: Stone             |       |    16 ||    16
  Use: Scroll            |       |     3 ||     3
 Stab: Sleeping          |     6 |     4 ||    10
  Eat: Chunk             |     2 |     7 ||     9
